AoeStats
← BalduinoIV--2026

Four Lakes

510134293Analyzed
1v1 RM · 4d ago on Sep 29, 2026· 43m 47s· 2 players
Game mode
Random Map
Map size
Tiny (2 player)
Population
200
Speed
Normal
Resources
Standard
Victory
Conquest
Starting age
Dark Age
Ending age
Imperial Age
RankedLock teamsTeams togetherTeam positionsShared explorationLock speedFull tech treeHidden civsTurbo modeCheats
Victory
Defeat
🇧🇴 Byzantines · Bolivia
684
+14
🇪🇸 Burgundians · Spain
633
-20
marcosvillamagna
7:51 Loom
10:26 Feudal Age
11:47 Double-Bit Axe
12:41 Bow Saw
15:41 Fishing Lines
17:26 Gold Mining
17:21 Horse Collar
17:36 Gillnets
23:17 Man-at-Arms
28:25 Castle Age
26:46 Forging
26:41 Scale Barding Armor
36:10 Imperial Age
34:21 Husbandry
35:54 Iron Casting
35:39 Chain Barding Armor
39:04 Gold Shaft Mining
41:42 Town Watch
42:33 Wheelbarrow
41:31 Cavalier
43:02 Paladin
43:11 Paladin
BalduinoIV--2026
10:40 Feudal Age
18:50 Castle Age
16:36 Loom
17:32 Double-Bit Axe
18:16 Fishing Lines
19:54 Horse Collar
20:10 Gillnets
20:17 Pikeman
22:47 Squires
22:56 Squires
25:45 Forging
26:48 Wheelbarrow
30:25 Heavy Plow
35:47 Imperial Age
34:23 Hand Cart
35:54 Bow Saw
35:47 Murder Holes
38:26 Conscription
37:31 Elite Varangian Guard
39:12 Stone Mining
39:13 Gold Mining
40:02 Iron Casting
39:28 Scale Mail Armor
39:08 Halberdier
40:45 Ballistics
41:25 Chemistry
41:44 Fletching
42:10 Chain Mail Armor
44:23 Two-Man Saw
43:57 Crop Rotation
Connection lost

Rejoining the realm…

Still unreachable

The connection could not be restored.

Session expired

The server has moved on; the page needs a fresh start.